 Dungeon Crawl Stone Soup version 0.18.1-6-gd335043 (webtiles) character file.

1370 manyhoops the Chiller (level 8, -4/62 HPs)
             Began as a Demigod Ice Elementalist on May 18, 2016.
             Shot with an arrow by a centaur (13 damage)
             ... on level 6 of the Dungeon.
             The game lasted 00:23:36 (6803 turns).

manyhoops the Chiller (Demigod Ice Elementalist)    Turns: 6803, Time: 00:23:37

Health: -4/62      AC:  5    Str: 13    XL:     8   Next: 16%
Magic:  19/19      EV: 12    Int: 23    God:
Gold:   161        SH:  0    Dex: 16    Spells: 5 memorised, 3 levels left

rFire  . . .     SeeInvis +     a - +3 falchion "Vebuomys" {drain, Fragile rElec rC+ Str+2}
rCold  + . .     Gourm    .     y - +2 robe {MR+}
rNeg   . . .     Faith    .     (no shield)
rPois  .         Spirit   .     (no helmet)
rElec  +         Dismiss  .     (no cloak)
rCorr  .         Reflect  .     F - +0 pair of gloves
SustAt +         Harm     .     (no boots)
MR     ++...                    (no amulet)
Stlth  +.........               C - ring of see invisible
                                n - ring of protection from magic

@: confused, very slightly contaminated, very resistant to hostile enchantments,
very unstealthy
A: high mp 1, sustain attributes
a: no special abilities


You were on level 6 of the Dungeon.
You were not hungry.

You visited 2 branches of the dungeon, and saw 8 of its levels.

You collected 345 gold pieces.
You spent 184 gold pieces at shops.

Inventory:

Hand Weapons
 a - the +3 falchion "Vebuomys" (weapon) {drain, Fragile rElec rC+ Str+2}
   (You bought it in a shop on level 5 of the Dungeon)

   A truly terrible weapon, it drains the life of those it strikes.
   It affects your strength (+2).
   It protects you from cold.
   It insulates you from electricity.
   It will be destroyed if unequipped.
 j - a +2 dagger of flaming
 p - a +0 blowgun
 H - a +0 mace of protection
Missiles
 s - 8 needles of sleeping (quivered)
Armour
 y - a +2 robe of magic resistance (worn)
 F - a +0 pair of gloves (worn)
Jewellery
 n - a ring of protection from magic (left hand)
 A - an uncursed ring of protection from cold
 C - a ring of see invisible (right hand)
Wands
 E - a wand of flame (17/48)
Scrolls
 i - a scroll of immolation
 l - a scroll of enchant weapon
 m - a scroll of identify
 q - 2 scrolls of amnesia
 r - a scroll of magic mapping
 u - a scroll of random uselessness {unknown}
 B - 5 scrolls of remove curse
 D - a scroll of brand weapon {unknown}
 G - a scroll of fear {unknown}
Potions
 d - 4 potions of curing
 f - a potion of magic {unknown}
 v - 2 potions of haste
 w - 2 potions of flight
 x - a potion of heal wounds {unknown}
 z - a potion of cancellation {unknown}
Books
 b - a book of Frost

   Spells                             Type                      Level
   a - Freeze                         Ice                          1
   b - Throw Frost                    Conjuration/Ice              2
   c - Ozocubu's Armour               Charms/Ice                   3
   d - Throw Icicle                   Conjuration/Ice              4
   e - Summon Ice Beast               Ice/Summoning                4
Comestibles
 c - 6 bread rations
 g - a beef jerky
 h - a meat ration
 o - 3 slices of pizza


   Skills:
 + Level 2.9 Fighting
 - Level 1.7 Dodging
 - Level 1.7 Stealth
 - Level 0.1 Unarmed Combat
 + Level 5.1 Spellcasting
 * Level 3.4 Conjurations
 - Level 0.3 Charms
 * Level 0.1 Summonings
 + Level 6.5 Ice Magic


You had 3 spell levels left.
You knew the following spells:

 Your Spells              Type           Power        Failure   Level  Hunger
a - Freeze                Ice            ####         1%          1    None
b - Throw Frost           Conj/Ice       ####..       1%          2    None
c - Ozocubu's Armour      Chrm/Ice       ###.....     10%         3    ##.....
d - Throw Icicle          Conj/Ice       ####....     14%         4    ####...
e - Summon Ice Beast      Ice/Summ       ###.....     24%         4    ####...


Dungeon Overview and Level Annotations

Branches:
Dungeon (7/15)             Temple (1/1) D:5

Shops:
D:5 (

Annotations:
D:5 Rationalist's ghost, novice FoFi


Innate Abilities, Weirdness & Mutations

You have an increased reservoir of magic (+10% MP).
Your attributes are resistant to harm.


Message History

Quivering
s - 8 needles of sleeping for throwing.
You feel better.
The centaur shoots an arrow.
The arrow hits you.
* * * LOW HITPOINT WARNING * * *
The centaur shoots an arrow.
The arrow closely misses you.
You see here 2 arrows.
Casting: Ozocubu's Armour
Confirm with . or Enter, or press ? or * to list all spells.
You can't see any susceptible monsters within range! (Use Z to cast anyway.)
Casting: Ozocubu's Armour
Confirm with . or Enter, or press ? or * to list all spells.
You miscast Summon Ice Beast.
Distant voices call out to you!
The centaur shoots an arrow.
The arrow barely misses you.
As you read the scroll of fog, it crumbles to dust.
The scroll dissolves into smoke.
The centaur shoots an arrow.
The arrow hits you!
* * * LOW HITPOINT WARNING * * *
You are confused.
You feel invigorated.
The centaur shoots an arrow.
The arrow hits you!
You die...

#.############.# #.# #.#
#.# #(# # #.###### #.#
#########.#....# #.#
##........#....# #.#
..........#....### #.#
...............§§#####.#
...............§@§...#.#
...............§§###.#.#
..###).###c...§..###.#.#
#...<[...............#.#
###.............#.##.#.#
..+.............#.####.##
###....#........#.......#
................######..#
#####.##................#


You could see a centaur.

Vanquished Creatures
  Sigmund (D:5)
  An orc warrior (D:6)
  A sky beast (D:6)
  A phantom (D:6)
  2 ogres (D:6)
  Blork the orc (D:5)
  A jelly (D:4)
  A crimson imp (D:5)
  3 orc priests
  An orc wizard (D:5)
  A giant frog skeleton (D:5)
  3 iguanas
  6 worker ants
  3 gnolls (D:3)
  8 adders
  2 oozes
  A dart slug (D:1)
  6 giant geckos
  19 orcs
  6 bats
  3 giant cockroaches
  4 goblins
  5 hobgoblins
  6 jackals
  A quokka (D:3)
  6 giant newts
  5 kobolds
  A quokka skeleton (D:5)
  A quokka zombie (D:5)
  13 rats
113 creatures vanquished.

Vanquished Creatures (collateral kills)
  A hippogriff (D:6)
  An orc (D:7)
2 creatures vanquished.

Grand Total: 115 creatures vanquished

Notes
Turn   | Place    | Note
--------------------------------------------------------------
     0 | D:1      | manyhoops the Demigod Ice Elementalist began the quest for the Orb.
     0 | D:1      | Reached XP level 1. HP: 14/14 MP: 5/5
   387 | D:1      | Reached skill level 3 in Ice Magic
   449 | D:1      | Reached XP level 2. HP: 20/20 MP: 5/7
   453 | D:1      | Learned a level 2 spell: Throw Frost
   973 | D:2      | Found a radiant altar of Vehumet.
  1187 | D:2      | Found a glowing silver altar of Zin.
  1329 | D:2      | Reached XP level 3. HP: 27/27 MP: 5/9
  1495 | D:3      | Found a bloodstained altar of Trog.
  1519 | D:3      | Learned a level 3 spell: Ozocubu's Armour
  1561 | D:3      | Reached skill level 1 in Conjurations
  1804 | D:3      | Reached XP level 4. HP: 34/34 MP: 2/11
  1914 | D:3      | Reached skill level 1 in Fighting
  2379 | D:3      | Found an ancient bone altar of Kikubaaqudgha.
  2708 | D:4      | Found an opulent altar of Gozag.
  2735 | D:4      | Reached XP level 5. HP: 29/40 MP: 6/12
  2938 | D:4      | Found a shattered altar of Ashenzari.
  2939 | D:4      | Found a blossoming altar of Fedhas.
  2962 | D:4      | Learned a level 4 spell: Throw Icicle
  3044 | D:4      | Reached skill level 4 in Ice Magic
  3205 | D:4      | Reached XP level 6. HP: 48/48 MP: 8/14
  3268 | D:4      | Found a basalt altar of Yredelemnul.
  3272 | D:4      | Found a white marble altar of Elyvilon.
  3273 | D:4      | Found a shadowy altar of Dithmenos.
  3492 | D:5      | Entered Level 5 of the Dungeon
  3492 | D:5      | Noticed Blork the orc
  3607 | D:5      | Killed Blork the orc
  4187 | D:5      | Found Woawuwn's Antique Weapon Boutique.
  4219 | D:5      | Bought an ebony falchion for 184 gold pieces
  4219 | D:5      | Identified the +3 falchion "Vebuomys" {drain, Fragile rElec rC+ Str+2} (You bought it in a shop on level 5 of the Dungeon)
  4333 | D:5      | Noticed Sigmund
  4340 | D:5      | Killed Sigmund
  4340 | D:5      | Reached XP level 7. HP: 48/56 MP: 3/16
  4449 | D:5      | Noticed Rationalist's ghost (novice FoFi)
  4588 | D:5      | Learned a level 4 spell: Summon Ice Beast
  4654 | D:5      | Reached skill level 5 in Ice Magic
  4683 | D:5      | Found a staircase to the Ecumenical Temple.
  4734 | Temple   | Entered the Ecumenical Temple
  5303 | D:6      | Reached skill level 6 in Ice Magic
  5575 | D:6      | Noticed a hippogriff
  5767 | D:6      | Found a burning altar of Makhleb.
  5848 | D:6      | Reached skill level 5 in Spellcasting
  6153 | D:6      | Reached XP level 8. HP: 58/62 MP: 5/19
  6757 | D:7      | Noticed a smoke demon
  6803 | D:6      | Shot with an arrow by a centaur

Skill      XL: |  1  2  3  4  5  6  7 |
---------------+----------------------+-----
Spellcasting   | 2 3 4 5 |  5.1
Ice Magic      | 3 4 6 |  6.5
Conjurations   | 1 2 3 |  3.4
Fighting       | 1 2 |  2.9
Dodging        | |  1.7
Stealth        | |  1.7
Unarmed Combat | |  0.1
Charms         | |  0.3
Summonings     | |  0.1

Action                   |  1- 3 |  4- 6 |  7- 9 || total
-------------------------+-------+-------+-------++-------
Melee: Unarmed           |     4 |       |       ||     4
       Dagger            |    30 |    48 |       ||    78
       Falchion          |       |     1 |    21 ||    22
 Cast: Freeze            |    42 |    58 |    40 ||   140
       Throw Frost       |     5 |    31 |    25 ||    61
       Ozocubu's Armour  |       |     1 |     8 ||     9
       Throw Icicle      |       |       |    11 ||    11
       Summon Ice Beast  |       |       |     4 ||     4
  Use: Scroll            |     5 |     7 |     4 ||    16
       Potion            |       |       |     3 ||     3
 Stab: Sleeping          |     6 |     2 |       ||     8
  Eat: Chunk             |     3 |     8 |     5 ||    16
       Meat ration       |       |       |     1 ||     1
       Beef jerky        |       |       |     1 ||     1
Armor: Robe              |     8 |    17 |    13 ||    38
       Skin              |       |       |     5 ||     5
Dodge: Dodged            |    43 |    62 |    39 ||   144
